 Dungeon Crawl Stone Soup version 0.21.0-3-g78d12a8 (webtiles) character file.

141 Inkary the Covered (level 5, -3/47 HPs)
             Began as a Minotaur Fighter on Jan 10, 2018.
             Slain by Sigmund
             ... wielding a +4 scythe of flaming
              (8 damage)
             ... on level 2 of the Dungeon.
             The game lasted 00:04:44 (1750 turns).

Inkary the Covered (Minotaur Fighter)               Turns: 1750, Time: 00:04:45

Health: -3/47      AC:  6    Str: 27    XL:     5   Next: 3%
Magic:  0/4        EV:  8    Int:  5    God:
Gold:   88         SH: 10    Dex:  9    Spells: 4/4 levels left

rFire    . . .     SeeInvis .   a - +0 war axe
rCold    . . .     Gourm    .   c - +0 shield
rNeg     . . .     Faith    .   w - +0 ring mail (curse)
rPois    .         Spirit   +   (helmet restricted)
rElec    .         Reflect  .   (no cloak)
rCorr    .         Harm     .   (no gloves)
MR       .....                  (no boots)
Stlth    ..........             p - amulet of guardian spirit
HPRegen  0.15/turn              (no ring)
MPRegen  0.09/turn              (no ring)

@: mighty, very slightly contaminated, invisible
A: retaliatory headbutt, horns 2
a: no special abilities


You were on level 2 of the Dungeon.
You were not hungry.

You visited 1 branch of the dungeon, and saw 3 of its levels.

You collected 88 gold pieces.

Inventory:

Hand Weapons
 a - a +0 war axe (weapon)
Armour
 b - a +0 scale mail
 c - a +0 shield (worn)
 w - a cursed +0 ring mail (worn)
Jewellery
 g - an uncursed amulet of faith
 p - an amulet of guardian spirit (around neck)
Scrolls
 e - 2 scrolls of amnesia {unknown}
 h - a scroll of fog {unknown}
 j - a scroll of remove curse {unknown}
 r - 2 scrolls of teleportation {unknown}
 s - a scroll of fear {unknown}
 u - a scroll of magic mapping {unknown}
 v - a scroll of identify
Potions
 d - a potion of might
 i - 2 potions of heal wounds
 k - a potion of brilliance {unknown}
 l - a potion of ambrosia {unknown}
 m - 3 potions of flight
 o - 3 potions of curing {unknown}
 q - a potion of haste {unknown}
Comestibles
 f - 4 rations
 t - a chunk of flesh


   Skills:
 + Level 4.4 Fighting
 * Level 4.4 Axes
 + Level 4.5 Armour
 + Level 4.4 Shields


You had 4 spell levels left.
You didn't know any spells.

Dungeon Overview and Level Annotations

Branches:
Dungeon (3/15)

Altars:

Annotations:
D:2 Sigmund
D:3 Daviar's ghost, amateur CeFi


Innate Abilities, Weirdness & Mutations

You reflexively headbutt those who attack you in melee.
You have a pair of horns on your head.


Message History

You closely miss Sigmund. Your headbutt misses Sigmund.
Sigmund hits you with a scythe of flaming!
Sigmund burns you.
You are too injured to fight recklessly!
You fade into invisibility!
You are very lightly contaminated with residual magic.
You closely miss Sigmund. Sigmund barely misses you.
You hit Sigmund. You headbutt Sigmund!
Sigmund is moderately wounded.
Sigmund hits you with a scythe of flaming!
* * * LOW HITPOINT WARNING * * *
Sigmund burns you.
* * * LOW HITPOINT WARNING * * *
You barely miss Sigmund.
Sigmund is moderately wounded.
Sigmund closely misses you.
You slash Sigmund!
Sigmund is severely wounded.
Sigmund hits you with a scythe of flaming!
You die...

######### #.......#
################.#####.#
...............#.# #.#
................># #.#
##############.#.# #.# .
..........# #.# #
#######..@# #.# #.@.#
#.# ##...# #.##########
#....# #...........
#....# #############
#....####...####
#..)..##.......#
#......'.......#
#...#..#.......#


You could see Sigmund.

Vanquished Creatures
  8 adders
  A worm (D:3)
  2 dart slugs (D:3)
  5 leopard geckos
  3 orcs (D:3)
  5 bats
  4 giant cockroaches
  4 goblins
  5 hobgoblins
  A quokka (D:2)
  4 ball pythons
  5 frilled lizards
  7 kobolds
  4 rats
58 creatures vanquished.

Notes
Turn   | Place    | Note
-------+----------+-------------------------------------------
     0 | D:1      | Inkary the Minotaur Fighter began the quest for the Orb.
     0 | D:1      | Reached XP level 1. HP: 19/19 MP: 0/0
   109 | D:1      | Reached XP level 2. HP: 25/27 MP: 1/1
   575 | D:2      | Reached XP level 3. HP: 33/33 MP: 2/2
   649 | D:2      | Noticed Sigmund
   865 | D:3      | Reached XP level 4. HP: 35/40 MP: 3/3
  1225 | D:3      | Noticed Daviar's ghost (amateur CeFi)
  1624 | D:3      | Reached XP level 5. HP: 47/47 MP: 4/4
  1750 | D:2      | Slain by Sigmund

Skill      XL: |  1  2  3  4 |
---------------+-------------+-----
Axes           | 3 4 |  4.4
Armour         | 4 |  4.5
Fighting       | 4 |  4.4
Shields        | 4 |  4.4

Action                   |  1- 3 |  4- 6 || total
-------------------------+-------+-------++-------
Melee: War axe           |    77 |    71 ||   148
       Headbutt          |     3 |    12 ||    15
  Use: Scroll            |       |     5 ||     5
       Potion            |       |     2 ||     2
  Eat: Chunk             |       |     3 ||     3
Armor: Scale mail        |    31 |    24 ||    55
       Ring mail         |       |    13 ||    13
Dodge: Dodged            |    29 |    23 ||    52
Block: Shield            |    53 |    49 ||   102
